 Dungeon Crawl Stone Soup version 0.22.1-2-g9c5b331 (webtiles) character file.

1458 Kaits the Chopper (level 8, -5/62 HPs)
             Began as a Demonspawn Chaos Knight on Dec 28, 2018.
             Slain by a death yak (41 damage)
             ... on level 9 of the Dungeon.
             The game lasted 00:21:57 (2634 turns).

Kaits the Chopper (Demonspawn Chaos Knight)         Turns: 2634, Time: 00:21:57

Health: -5/62      AC:  5    Str: 17    XL:     8   Next: 47%
Magic:  8/8        EV: 14    Int: 16    God:    Xom [.*....]
Gold:   165        SH:  4    Dex: 14    Spells: 7/7 levels left

rFire    + . .     SeeInvis .   a - +3 hand axe (chaos)
rCold    . . .     Gourm    .   l - +0 buckler
rNeg     . . .     Faith    .   i - +1 leather armour {rF+}
rPois    +         Spirit   .   (helmet restricted)
rElec    .         Reflect  .   (no cloak)
rCorr    .         Harm     .   (no gloves)
MR       .....                  u - +0 pair of boots
Stlth    ++........             x - amulet of regeneration
HPRegen  0.60/turn              f - ring of poison resistance
MPRegen  0.11/turn              m - +3 ring of intelligence

@: mighty
A: beak, hooves 2, repulsion field 1, deterioration 1, powered by pain 1, weak 1
a: Renounce Religion


You were on level 9 of the Dungeon.
You worshipped Xom.
You were a plaything of Xom.
You were near starving.

You visited 1 branch of the dungeon, and saw 6 of its levels.

You collected 165 gold pieces.

Inventory:

Hand Weapons
 a - a +3 hand axe of chaos (weapon)
 e - a +0 dire flail
Missiles
 h - 82 stones
 s - 2 tomahawks (quivered)
Armour
 b - a +2 leather armour
 i - a +1 leather armour of fire resistance (worn)
 l - a +0 buckler (worn)
 u - a +0 pair of boots (worn)
Jewellery
 f - a ring of poison resistance (left hand)
 m - a +3 ring of intelligence (right hand)
 x - an amulet of regeneration (around neck)
 y - a cursed ring of teleportation
Wands
 o - a wand of acid (6)
 v - a wand of paralysis (14)
Scrolls
 g - a scroll of fog
 q - a scroll of noise
 w - a scroll of remove curse
Potions
 j - a potion of cancellation {unknown}
 k - 2 potions of magic {unknown}
 p - a potion of flight {unknown}
 r - a potion of agility {unknown}
 t - a potion of ambrosia {unknown}
Comestibles
 c - 4 rations


   Skills:
 + Level 5.0 Fighting
 + Level 6.2(6.3) Axes
 + Level 1.2(4.1) Maces & Flails
 + Level 2.6 Throwing
 + Level 3.3 Armour
 + Level 3.2 Dodging
 + Level 3.0 Stealth
 + Level 1.9 Shields
 + Level 0.8 Evocations


You had 7 spell levels left.
You didn't know any spells.
Your spell library was empty.

Dungeon Overview and Level Annotations

Branches:
Dungeon (7/15)             Temple (0/1) D:7            Lair (0/6) D:9

Altars:
Ashenzari
Trog


Innate Abilities, Weirdness & Mutations

You have hoof-like feet.
You are surrounded by a mild repulsion field. (EV +2)
You sometimes gain a little power by taking damage.
You have a beak for a mouth.
Your body sometimes deteriorates upon taking damage.
You are weak. (Str -2)


Message History

Your white imp hits the death yak.
Your white imp freezes the death yak.
The death yak gores your white imp!
You feel much better.
The death yak barely misses your white imp.
Your white imp hits the death yak but does no damage.
Throwing (i - inventory. (/) - cycle)
s - 3 tomahawks (quivered)
Press: ? - help, Shift-Dir - straight line, f - death yak
Aim: a death yak (almost dead, berserk, fast, unusually strong) Really fire in your white imp's direction?
Uppercase [Y]es or [N]o only, please.
Really fire in your white imp's direction?
You throw a tomahawk. The tomahawk hits your white imp.
The white imp is almost dead.
Unknown command.
You slash the death yak!
The death yak seems to speed up.
The death yak is almost dead.
The death yak gores you!!!
Ouch! That really hurt!
You die...
Xom guffaws!

#.........#.....
#(.........(.Z.>
#..(...aY......
#....(..Y.....
#..YYZ.>..#
#.YYY..YY.#
###5#######
#Y######
#@.....#
######'#


You could see 3 death yaks, 3 yaks and a white imp.

Vanquished Creatures
  2 yaks (D:9)
  2 hungry ghosts (D:7)
  An orc warrior (D:7)
  A phantom (D:2)
  2 centaurs
  2 ogres (D:7)
  3 howler monkeys (D:7)
  3 hounds
  An orc priest (D:4)
  2 orc wizards
  A worker ant (D:7)
  A hound zombie (D:3)
  A howler monkey skeleton (D:9)
  3 adders
  An adder zombie (D:7)
  2 worms
  2 dart slugs
  2 leopard geckos
  9 orcs
  3 giant cockroaches
  2 goblins
  8 hobgoblins
  8 jackals
  4 kobolds
  2 quokkas
  A ball python (D:2)
  5 bats
  3 frilled lizards (D:3)
  5 rats (D:2)
82 creatures vanquished.

Vanquished Creatures (collateral kills)
  A bullfrog (D:9)
1 creature vanquished.

Vanquished Creatures (others)
  2 orcs
2 creatures vanquished.

Grand Total: 85 creatures vanquished

Notes
Turn   | Place    | Note
-------+----------+-------------------------------------------
     0 | D:1      | Kaits the Demonspawn Chaos Knight began the quest for the
                  | Orb.
     0 | D:1      | Reached XP level 1. HP: 18/18 MP: 1/1
    12 | D:1      | Reached skill level 3 in Axes
    53 | D:1      | Gained mutation: You have large cloven feet. [demonic
                  | ancestry]
    53 | D:1      | Reached XP level 2. HP: 1/24 MP: 2/2
   486 | D:1      | XOM: harmless Chrm miscast
   678 | D:1      | XOM: divination: magic mapping
   736 | D:1      | XOM is BORED!
   736 | D:1      | XOM: noise
   807 | D:1      | Found a shattered altar of Ashenzari.
   913 | D:1      | XOM: give mutations
   913 | D:1      | Gained mutation: You have a beak for a mouth. [Xom's
                  | mischief]
   913 | D:1      | Gained mutation: You are weak. (Str -2) [Xom's mischief]
   913 | D:1      | Gained mutation: Your body sometimes deteriorates upon
                  | taking damage. [Xom's mischief]
   970 | D:1      | XOM is BORED!
   970 | D:1      | XOM: summons 2 hostile shadow creatures
   985 | D:2      | Noticed a phantom
  1019 | D:2      | XOM: potion effect (might)
  1027 | D:2      | Killed a phantom
  1027 | D:2      | Reached skill level 1 in Maces & Flails
  1027 | D:2      | Reached skill level 1 in Dodging
  1027 | D:2      | Reached XP level 3. HP: 13/29 MP: 3/3
  1027 | D:2      | Gained mutation: You are surrounded by a mild repulsion
                  | field. (EV +2) [demonic ancestry]
  1027 | D:2      | Reached XP level 4. HP: 16/36 MP: 4/4
  1332 | D:2      | XOM: divination: detect creatures
  1438 | D:2      | Noticed a moth of wrath
  1442 | D:2      | Found a bloodstained altar of Trog.
  1452 | D:2      | Reached XP level 5. HP: 39/42 MP: 5/5
  1640 | D:3      | Reached skill level 4 in Axes
  1667 | D:3      | XOM: 1-stop teleportation journey
  1680 | D:3      | XOM: enchant monster (bad)
  1906 | D:4      | XOM: destruction
  1908 | D:4      | Reached skill level 1 in Stealth
  2064 | D:4      | XOM: mild Fire miscast
  2069 | D:4      | You fall through a shaft for 3 floors!
  2116 | D:7      | Noticed an orc warrior
  2127 | D:7      | XOM: swap monsters
  2129 | D:7      | XOM: destruction
  2135 | D:7      | Gained mutation: You sometimes gain a little power by
                  | taking damage. [demonic ancestry]
  2135 | D:7      | Reached XP level 6. HP: 16/48 MP: 6/6
  2142 | D:7      | Noticed a hungry ghost
  2143 | D:7      | XOM: enchant monster (bad)
  2149 | D:7      | XOM: 6-stop teleportation journey
  2156 | D:7      | Noticed a hungry ghost
  2160 | D:7      | XOM: 6-stop teleportation journey
  2164 | D:7      | Reached skill level 1 in Throwing
  2179 | D:7      | Killed a hungry ghost
  2179 | D:7      | Reached skill level 1 in Shields
  2179 | D:7      | Gained mutation: You have hoof-like feet. [demonic
                  | ancestry]
  2179 | D:7      | Reached XP level 7. HP: 32/54 MP: 7/7
  2207 | D:7      | XOM: potion effect (invisibility)
  2218 | D:7      | Reached skill level 5 in Axes
  2354 | D:7      | Killed a hungry ghost
  2413 | D:7      | XOM: divination: detect items
  2429 | D:7      | XOM: divination: detect creatures
  2448 | D:7      | XOM: noise
  2451 | D:7      | Found a staircase to the Ecumenical Temple.
  2467 | D:7      | Reached XP level 8. HP: 59/61 MP: 8/8
  2489 | D:7      | XOM: god gift: dented bronze amulet {god gift}
  2519 | D:7      | You fall through a shaft for 2 floors!
  2563 | D:9      | Noticed a stone giant
  2564 | D:9      | Noticed a troll
  2591 | D:9      | XOM: confuse monster(s)
  2593 | D:9      | XOM: destruction
  2595 | D:9      | Found a staircase to the Lair.
  2595 | D:9      | XOM: 3-stop teleportation journey
  2602 | D:9      | Noticed a death yak
  2602 | D:9      | Noticed a death yak
  2603 | D:9      | Noticed a death yak
  2613 | D:9      | XOM: summons friendly white imp
  2619 | D:9      | XOM: enchant monster (good)
  2622 | D:9      | Reached skill level 5 in Fighting
  2622 | D:9      | Reached skill level 6 in Axes
  2631 | D:9      | XOM: scenery: 1 doors open
  2634 | D:9      | Slain by a death yak

Skill      XL: |  1  2  3  4  5  6  7  8 |
---------------+-------------------------+-----
Axes           | 3 4 5 6 |  6.2
Maces & Flails | 1 |  1.2
Armour         | 2 3 |  3.3
Dodging        | 1 2 3 |  3.2
Stealth        | 1 2 3 |  3.0
Fighting       | 4 5 |  5.0
Throwing       | 1 2 |  2.6
Shields        | 1 |  1.9
Evocations     | |  0.8

Action                   |  1- 3 |  4- 6 |  7- 9 || total
-------------------------+-------+-------+-------++-------
Melee: Hand axe          |    33 |   119 |    93 ||   245
       Mace              |    21 |       |       ||    21
       Kick              |     4 |    33 |     4 ||    41
       Peck              |     2 |    10 |    18 ||    30
Throw: Stone             |     1 |     4 |       ||     5
       Tomahawk          |       |    22 |    12 ||    34
Evoke: Wand              |       |       |     3 ||     3
  Use: Scroll            |     4 |     8 |     4 ||    16
       Potion            |       |     6 |     6 ||    12
 Stab: Paralysed         |     1 |     2 |     1 ||     4
       Confused          |       |     1 |     4 ||     5
       Invisible         |       |       |     1 ||     1
       Sleeping          |       |       |     1 ||     1
  Eat: Ration            |       |     2 |     1 ||     3
Armor: Leather armour    |    16 |    29 |    21 ||    66
Dodge: Dodged            |    43 |    87 |    49 ||   179
Block: Buckler           |     1 |    15 |    22 ||    38
